 Dungeon Crawl Stone Soup version 0.19.1-1-g22dce08 (webtiles) character file.

259 ponk the Covert (level 5, -3/39 HPs)
             Began as a Vampire Assassin on Jan 8, 2017.
             Slain by a gnoll
             ... wielding a +0 halberd
              (4 damage)
             ... on level 3 of the Dungeon.
             The game lasted 00:11:54 (2016 turns).

ponk the Covert (Vampire Assassin)                  Turns: 2016, Time: 00:11:55

Health: -3/39      AC:  8    Str: 10    XL:     5   Next: 95%
Magic:  5/5        EV: 11    Int: 13    God:
Gold:   149        SH:  0    Dex: 17    Spells: 0 memorised, 4 levels left

rFire  . . .     SeeInvis +     y - +2 dagger (venom)
rCold  . . .     Gourm    .     t - +2 ring mail {rPois}
rNeg   + . .     Faith    .     (no shield)
rPois  +         Spirit   .     (no helmet)
rElec  .         Reflect  .     d - +0 cloak
rCorr  .         Harm     +     (no gloves)
MR     .....                    (no boots)
Stlth  ++++......               i - amulet of harm
                                (no ring)
                                (no ring)

@: no status effects
A: fangs 3, see invisible, unbreathing
a: Bat Form


You were on level 3 of the Dungeon.
You were not thirsty.

You visited 1 branch of the dungeon, and saw 3 of its levels.

You collected 149 gold pieces.

Inventory:

Hand Weapons
 b - a +0 blowgun
 s - a +2 dagger of speed
 y - a +2 dagger of venom (weapon)
Missiles
 e - 8 poisoned needles
 f - 2 curare-tipped needles
Armour
 c - a +0 robe
 d - a +0 cloak (worn)
 t - a +2 ring mail of poison resistance (worn)
Jewellery
 i - an amulet of harm (around neck)
Wands
 x - a wand of confusion (33/48)
Scrolls
 a - a scroll of recharging {unknown}
 h - a scroll of identify
 j - a scroll of teleportation
 l - a scroll of fog {unknown}
 m - 2 scrolls of remove curse
 o - a scroll of magic mapping {unknown}
 u - a scroll of blinking {unknown}
 v - a scroll of enchant weapon {unknown}
 w - a scroll of noise {unknown}
Potions
 g - a potion of blood
 n - a potion of berserk rage {unknown}
 p - a potion of heal wounds {unknown}
 q - 3 potions of curing {unknown}
 r - a potion of magic {unknown}


   Skills:
 + Level 2.4 Fighting
 + Level 3.4 Short Blades
 + Level 1.5 Throwing
 + Level 1.2 Armour
 + Level 1.9 Dodging
 + Level 9.1 Stealth


You had 4 spell levels left.
You didn't know any spells.

Dungeon Overview and Level Annotations

Branches:
Dungeon (3/15)

Altars:
Gozag
Ru

Annotations:
D:3 Jessica


Innate Abilities, Weirdness & Mutations

You have razor-sharp teeth.
You have supernaturally acute eyesight. (SInv)
You can survive without breathing.


Message History

The gnoll is heavily wounded.
The gnoll hits you but does no damage. The hobgoblin barely misses you.
You closely miss the gnoll.
The gnoll is heavily wounded.
The gnoll hits you but does no damage. The hobgoblin closely misses you.
You hit the gnoll.
You kill the gnoll!
You hit the hobgoblin.
You bite the hobgoblin, but do no damage.
The hobgoblin is severely wounded.
The hobgoblin hits you with a club.
* * * LOW HITPOINT WARNING * * *
The gnoll hits you from afar with a halberd!
* * * LOW HITPOINT WARNING * * *
The hobgoblin closely misses you.
Jessica the Apprentice Sorceress comes into view.
The gnoll hits you with a whip.
* * * LOW HITPOINT WARNING * * *
The gnoll hits you from afar with a halberd.
You die...

........ .# . .#..... @..
..##..##.#.#.....
#..###..##..#.........
#..#<.......##...##...
#..#.....#..##..##....
#..#....#_#.##..#..#.#
#..#.....#..#.....##.#
#####..#.@>...........#..#
##.......gg..........#.#.##
........g.####.............
...........####......#...##
............####..........#
...)..).............(##..(.
..%...)..............##....
......).............##..)..
....................# .....


You could see 2 gnolls and a hobgoblin.

Vanquished Creatures
  Sigmund (D:3)
  An orc wizard (D:2)
  A gnoll (D:3)
  3 worms
  A dart slug (D:1)
  2 leopard geckos
  5 orcs (D:3)
  4 bats
  4 giant cockroaches
  9 hobgoblins
  4 kobolds
  A quokka (D:2)
  2 ball pythons
  2 frilled lizards (D:1)
  6 goblins
  7 rats
53 creatures vanquished.

Notes
Turn   | Place    | Note
-------+----------+-------------------------------------------
     0 | D:1      | ponk the Vampire Assassin began the quest for the Orb.
     0 | D:1      | Reached XP level 1. HP: 16/16 MP: 1/1
   102 | D:1      | Reached skill level 6 in Stealth
   184 | D:1      | Reached XP level 2. HP: 16/22 MP: 2/2
   374 | D:1      | Reached skill level 7 in Stealth
   769 | D:2      | Reached XP level 3. HP: 27/27 MP: 3/3
   835 | D:2      | Found a sacrificial altar of Ru.
   912 | D:2      | Reached skill level 8 in Stealth
   946 | D:2      | Reached XP level 4. HP: 13/33 MP: 4/4
  1179 | D:2      | Found an opulent altar of Gozag.
  1694 | D:3      | Noticed Sigmund
  1719 | D:3      | Killed Sigmund
  1719 | D:3      | Reached skill level 1 in Armour
  1719 | D:3      | Reached skill level 9 in Stealth
  1719 | D:3      | Reached XP level 5. HP: 22/39 MP: 5/5
  1956 | D:3      | Found a faded altar of an unknown god.
  2014 | D:3      | Noticed Jessica
  2016 | D:3      | HP: 1/39 [gnoll/whip (2)]
  2016 | D:3      | Slain by a gnoll

Skill      XL: |  1  2  3  4 |
---------------+-------------+-----
Stealth        | 6 7 8 9 |  9.1
Fighting       | 2 |  2.4
Short Blades   | 3 |  3.4
Armour         | 1 |  1.2
Throwing       | |  1.5
Dodging        | |  1.9

Action                   |  1- 3 |  4- 6 || total
-------------------------+-------+-------++-------
Melee: Dagger            |    92 |    81 ||   173
       Bite              |     5 |     8 ||    13
  Use: Scroll            |     3 |     1 ||     4
 Stab: Sleeping          |    16 |     4 ||    20
       Invisible         |     1 |       ||     1
  Eat: Corpse            |     4 |     3 ||     7
Armor: Robe              |    12 |     2 ||    14
       Ring mail         |       |    38 ||    38
Dodge: Dodged            |    26 |    51 ||    77
